 Dungeon Crawl Stone Soup version 0.28.0-43-g3370ac3207 (webtiles) character file.

Game seed: 4252807625835946539

21 Descartes the Gusty (level 2, -1/13 HPs)
             Began as a Felid Wanderer on Mar 13, 2022.
             Slain by a gnoll
             ... wielding a +0 whip
              (7 damage)
             ... on level 1 of the Dungeon.
             The game lasted 00:01:54 (1410 turns).

Descartes the Gusty (Felid Wanderer)                Turns: 1410, Time: 00:01:55

Health: -1/13      AC:  1    Str:  8    XL:     2   Next: 62%
Magic:  4/4        EV: 16    Int: 11    God:
Gold:   24         SH:  0    Dex: 17    Spells: 2/3 levels left
                                        Lives:  0   Deaths: 0

rFire   . . .      SeeInvis +     - Unarmed
rCold   . . .      Faith    .   (shield unavailable)
rNeg    . . .      Spirit   .   (armour unavailable)
rPois   .          Reflect  .   (helmet unavailable)
rElec   .          Harm     .   (cloak unavailable)
rCorr   .          Rampage  .   (gloves unavailable)
Will    .....                   (boots unavailable)
Stlth   ++........              (no amulet)
HPRegen 0.04/turn               (no ring)
MPRegen 0.09/turn               (no ring)

@: quick
A: very small, claws 1, fangs 3, see invisible, speed 1, shaggy fur 1, stealthy
paws, no weapons or thrown items, no armour, multi-lived
a: no special abilities


You were on level 1 of the Dungeon.
You visited 1 branch of the dungeon, and saw 1 of its levels.

You collected 24 gold pieces.

Inventory:

Wands
 b - a wand of flame (4)
Scrolls
 c - a scroll of fear {unknown}
 e - 2 scrolls of teleportation {unknown}
 f - a scroll of summoning {unknown}
Potions
 a - a potion of lignification
 d - a potion of degeneration {unknown}


   Skills:
 + Level 2.1 Fighting
 + Level 0.8 Dodging
 + Level 1.1 Stealth
 + Level 1.2 Unarmed Combat
 + Level 1.1 Spellcasting
 + Level 1.0 Translocations
 + Level 0.4 Transmutations
 + Level 3.6 Air Magic
 + Level 2.3 Evocations


You had 2 spell levels left.
You knew the following spells:

 Your Spells              Type           Power      Damage    Failure   Level
a - Shock                 Conj/Air       16%        1d4       16%         1

Your spell library contained the following spells:

 Spells                   Type           Power      Damage    Failure   Level
 Swiftness                Air            8%         N/A       22%         3
 Mephitic Cloud           Conj/Pois/Air  3%         N/A       50%         3


Dungeon Overview and Level Annotations

Branches:
Dungeon (1/15)

Altars:


Innate Abilities, Weirdness & Mutations

You have sharp claws.
You have razor-sharp teeth.
You have supernaturally acute eyesight. (SInv)
You cover ground quickly. (Speed+)
You are covered in fur. (AC +1)
Your paws help you pounce on unaware monsters.
You are incapable of wielding weapons or throwing items.
You cannot wear armour.
You gain extra lives every three experience levels.


Message History

A gnoll comes into view. It is wielding a +0 whip.
The gnoll shouts!
The gnoll barely misses you.
You scratch the gnoll.
The gnoll is lightly wounded.
The gnoll barely misses you.
You barely miss the gnoll.
The gnoll is lightly wounded.
The gnoll hits you with a +0 whip.
You scratch the gnoll. You bite the gnoll.
The gnoll is heavily wounded.
The gnoll completely misses you.
You scratch the gnoll but do no damage.
The gnoll is heavily wounded.
The gnoll hits you with a +0 whip.
You are too injured to fight recklessly!
You are too injured to fight recklessly!
You are too injured to fight recklessly!
You are too injured to fight recklessly!
You are too injured to fight recklessly!
You are too injured to fight recklessly!
You are too injured to fight recklessly!
You are too injured to fight recklessly!
You are too injured to fight recklessly!
You are too injured to fight recklessly!
You are too injured to fight recklessly!
You are too injured to fight recklessly!
You are too injured to fight recklessly!
You are too injured to fight recklessly!
You are too injured to fight recklessly!
You are too injured to fight recklessly!
You are too injured to fight recklessly!
You are too injured to fight recklessly!
You are too injured to fight recklessly!
You are too injured to fight recklessly!
You scratch the gnoll.
The gnoll is almost dead.
The gnoll hits you with a +0 whip!
Ouch! That really hurt!
You die...

######### ......g.#
#@######## #........#
###################...#####
#.....................#...##
#.#################).......##
#.# #.).......# #.#
###.......# #.# #.......# #.#
#################...)..#


You could see a gnoll.

Vanquished Creatures
  An endoplasm (D:1)
  2 giant cockroaches (D:1)
  2 goblins (D:1)
  A hobgoblin (D:1)
  6 kobolds (D:1)
  3 ball pythons (D:1)
  A frilled lizard (D:1)
  2 rats (D:1)
18 creatures vanquished.

Notes
Turn   | Place    | Note
-------+----------+-------------------------------------------
     0 | D:1      | Descartes the Felid Wanderer began the quest for the Orb.
     0 | D:1      | Descartes set off with the following items: a potion of
                  | lignification, a wand of flame (4); and the following spell
                  | memorised: Shock; and the following spells available to
                  | memorise: Swiftness, Mephitic Cloud
     0 | D:1      | Reached XP level 1. HP: 9/9 MP: 3/3
   736 | D:1      | Reached XP level 2. HP: 11/13 MP: 4/4
   888 | D:1      | Reached skill level 1 in Stealth
  1095 | D:1      | Reached skill level 1 in Translocations
  1410 | D:1      | Slain by a gnoll

Illustrated notes

Levels and vault maps discovered:
D:1:      dpeg_arrival_pits, layout_loops_ring,
          hangedman_abyss_or_decor_lesser_grid, bh_walls_and_bars

Skill      XL: |  1  2 |
---------------+-------+-----
Stealth        | 1 |  1.1
Translocations | 1 |  1.0
Fighting       | |  2.1
Dodging        | |  0.8
Unarmed Combat | |  1.2
Spellcasting   | |  1.1
Transmutations | |  0.4
Air Magic      | |  3.6
Evocations     | |  2.3

Action                   || total
-------------------------++-------
Melee: Unarmed           ||    66
       Bite              ||     7
 Stab: Sleeping          ||     1
Armor: Skin              ||     2
Dodge: Dodged            ||    51
